 Dungeon Crawl Stone Soup version 0.19.3-4-gbf9329e (webtiles) character file.

71 volk64 the Poker (level 4, -1/34 HPs)
             Began as a Merfolk Skald on Jan 27, 2017.
             Slain by Sigmund
             ... wielding a +0 scythe
              (8 damage)
             ... on level 3 of the Dungeon.
             The game lasted 00:10:10 (2183 turns).

volk64 the Poker (Merfolk Skald)                    Turns: 2183, Time: 00:10:11

Health: -1/34      AC:  3    Str: 12    XL:     4   Next: 24%
Magic:  3/7        EV: 11    Int: 12    God:
Gold:   95         SH:  3    Dex: 13    Spells: 3 memorised, 2 levels left

rFire  + . .     SeeInvis +     a - +0 spear
rCold  + . .     Gourm    .     b - +0 leather armour
rNeg   . . .     Faith    .     f - +0 buckler
rPois  +         Spirit   .     (no helmet)
rElec  +         Reflect  .     (no cloak)
rCorr  +         Harm     .     (no gloves)
MR     .....                    (no boots)
Stlth  +.........               (no amulet)
                                q - ring of wizardry
                                e - ring of see invisible

@: resistant, singing
A: change form in water, swift swim, stealthy swim
a: Stop Singing


You were on level 3 of the Dungeon.
You were not hungry.

You visited 1 branch of the dungeon, and saw 3 of its levels.

You collected 95 gold pieces.

Inventory:

Hand Weapons
 a - a +0 spear (weapon)
 k - a cursed -3 short sword
Armour
 b - a +0 leather armour (worn)
 f - a +0 buckler (worn)
Jewellery
 e - a ring of see invisible (left hand)
 q - a ring of wizardry (right hand)
Wands
 p - a wand of random effects (25/48)
Scrolls
 g - a scroll of noise
 o - a scroll of immolation {unknown}
 r - a scroll of amnesia {unknown}
Potions
 i - a potion of lignification
 j - a potion of degeneration {unknown}
 m - a potion of resistance
Books
 c - a book of Battle

   Spells                             Type                      Level
   a - Infusion                       Charms                       1
   b - Shroud of Golubria             Charms/Translocation         2
   c - Song of Slaying                Charms                       2
   d - Spectral Weapon                Hexes/Charms                 3
   e - Regeneration                   Charms/Necromancy            3
Comestibles
 d - 2 bread rations
 h - a meat ration
 l - 4 fruits
 n - a chunk of flesh
 s - a slice of pizza


   Skills:
 + Level 2.8 Fighting
 + Level 3.9 Polearms
 + Level 0.9 Armour
 + Level 2.0 Dodging
 + Level 0.2 Shields
 + Level 2.5 Spellcasting
 + Level 3.8 Charms


You had 2 spell levels left.
You knew the following spells:

 Your Spells              Type           Power        Failure   Level  Hunger
a - Infusion              Chrm           ##..         6%          1    #......
b - Song of Slaying       Chrm           ##......     9%          2    ###....
c - Spectral Weapon       Hex/Chrm       #.......     43%         3    ###....


Dungeon Overview and Level Annotations

Branches:
Dungeon (3/15)

Altars:

Annotations:
D:3 Sigmund


Message History

Sigmund is moderately wounded.
Sigmund closely misses you.
You hit Sigmund.
Sigmund is moderately wounded.
Sigmund hits you but does no damage.
You barely miss Sigmund.
Sigmund is moderately wounded.
You hit Sigmund.
Sigmund is heavily wounded.
Sigmund hits you with a scythe.
You completely miss Sigmund.
Sigmund is heavily wounded.
You hit Sigmund.
Sigmund is heavily wounded.
Sigmund hits you with a scythe!
* * * LOW HITPOINT WARNING * * *
It was a potion of resistance.
You feel protected. Sigmund hits you with a scythe!
You die...

#######)##........######..
####.##........#
#...รท##........#######
#....##........#.....#
#....###########.....#
+....#######.........#
#...#................##
#######<..................
................@@........
..####.........(....##..
#..............#
#........#####.#
#...........# .#
#...........+ .#
#...........# .#
#...........# ##
#.######+####


You could see Sigmund (invisible) and a friendly spectral spear.

Vanquished Creatures
  An adder (D:2)
  A worm (D:3)
  2 dart slugs (D:2)
  A ball python (D:1)
  8 bats
  4 giant cockroaches
  9 goblins
  2 hobgoblins
  3 jackals (D:2)
  10 kobolds
  3 frilled lizards
  8 rats
52 creatures vanquished.

Notes
Turn   | Place    | Note
-------+----------+-------------------------------------------
     0 | D:1      | volk64 the Merfolk Skald began the quest for the Orb.
     0 | D:1      | Reached XP level 1. HP: 16/16 MP: 3/3
   150 | D:1      | Reached XP level 2. HP: 22/22 MP: 1/5
   282 | D:1      | Learned a level 2 spell: Song of Slaying
   875 | D:1      | Reached XP level 3. HP: 28/28 MP: 3/6
   884 | D:1      | Learned a level 3 spell: Spectral Weapon
  1601 | D:2      | Reached XP level 4. HP: 34/34 MP: 4/7
  1766 | D:3      | HP: 1/34 [worm (4)]
  2154 | D:3      | Noticed Sigmund
  2183 | D:3      | Slain by Sigmund

Skill      XL: |  1  2  3 |
---------------+----------+-----
Dodging        | 2 |  2.0
Fighting       | |  2.8
Polearms       | |  3.9
Armour         | |  0.9
Shields        | |  0.2
Spellcasting   | |  2.5
Charms         | |  3.8

Action                   |  1- 3 |  4- 6 || total
-------------------------+-------+-------++-------
Melee: Spear             |   109 |    68 ||   177
       Tailslap          |     1 |       ||     1
 Cast: Infusion          |    10 |     1 ||    11
       Song of Slaying   |     6 |     4 ||    10
       Spectral Weapon   |       |     1 ||     1
  Use: Potion            |     4 |     1 ||     5
       Scroll            |     4 |       ||     4
  Eat: Chunk             |     3 |     2 ||     5
Armor: Leather armour    |    28 |     2 ||    30
Dodge: Dodged            |    39 |    20 ||    59
Block: Buckler           |    15 |     7 ||    22
